 Dungeon Crawl Stone Soup version 0.28-a0-1412-gf95308ed99 (webtiles) character file.

Game seed: 15656732713977353108

32 parzival7114810 the Slasher (level 3, -3/33 HPs)
             Began as a Minotaur Chaos Knight on Jan 6, 2022.
             Was a Plaything of Xom.
             Slain by a worm (9 damage)
             ... on level 3 of the Dungeon.
             The game lasted 00:03:50 (1105 turns).

parzival7114810 the Slasher (Minotaur Chaos Knight) Turns: 1105, Time: 00:03:50

Health: -3/33      AC:  5    Str: 17 (18) XL:     3   Next: 8%
Magic:  1/1        EV: 11    Int:  9      God:    Xom [*.....]
Gold:   40         SH:  0    Dex:  6 (7)  Spells: 2/2 levels left

rFire   + . .      SeeInvis .   a - +1 falchion (chaos)
rCold   . . .      Faith    .   (no shield)
rNeg    . . .      Spirit   .   c - +2 leather armour {rF+}
rPois   .          Reflect  .   (helmet restricted)
rElec   .          Harm     .   (no cloak)
rCorr   .          Rampage  .   (no gloves)
Will    .....                   (no boots)
Stlth   +.........              (no amulet)
HPRegen 0.11/turn               (no ring)
MPRegen 0.07/turn               (no ring)

@: unable to read
A: horns 2, retaliatory headbutt, clumsy 1, deterioration 1, low mp 1, inability
to read while threatened
a: Renounce Religion


You were on level 3 of the Dungeon.
You worshipped Xom.
You were a special plaything of Xom.
You visited 1 branch of the dungeon, and saw 3 of its levels.

You collected 40 gold pieces.

Inventory:

Hand Weapons
 a - a +1 falchion of chaos (weapon)
Armour
 b - a +2 leather armour
 c - a +2 leather armour of fire resistance (worn)
 d - a +0 ring mail


   Skills:
 + Level 4.0 Fighting
 + Level 4.2 Long Blades
 + Level 2.8 Armour
 + Level 1.7 Dodging
 + Level 0.1 Stealth


You had 2 spell levels left.
You didn't know any spells.
Your spell library was empty.

Dungeon Overview and Level Annotations

Branches:
Dungeon (3/15)

Altars:


Innate Abilities, Weirdness & Mutations

You have a pair of horns on your head.
You reflexively headbutt those who attack you in melee.
You are clumsy. (Dex -2)
Your body sometimes deteriorates upon taking damage.
Your magical capacity is low. (-10% MP)
You sometimes lose the ability to read scrolls when taking damage.


Message History

Your base attributes are Str 16, Int 9, Dex 9.
Increase (S)trength, (I)ntelligence, or (D)exterity?
You feel stronger. x2
The orc closely misses you. The orc hits you with a +0 short sword.
You hit the orc.
The orc is heavily wounded.
The orc hits you but does no damage. The orc hits you with a +0 short sword.
The orc closely misses you.
You hit the orc. You burn the orc.
You kill the orc!
The orc barely misses you. The orc hits you with a +0 hand axe.
An endoplasm comes into view.
The endoplasm quivers.
The orc hits you with a +0 hand axe.
You feel threatened and lose the ability to read scrolls!
Your body deteriorates!
You feel weakened. The orc hits you but does no damage.
You see here a +0 morningstar.
The orc hits you but does no damage. The worm completely misses you.
The orc barely misses you. The orc hits you but does no damage.
The orc hits you with a +0 short sword.
Your body deteriorates!
You feel clumsy. The worm bites you.
You slash the worm!
The worm seems to speed up.
Xom is highly amused!
You headbutt the worm!
The worm is almost dead.
The orc completely misses you. The orc hits you but does no damage.
The endoplasm freezes you.
You are frozen.
* * * LOW HITPOINT WARNING * * *
The worm closely misses you.
You slash the orc! You burn the orc.
You kill the orc!
The orc hits you with a +0 short sword.
* * * LOW HITPOINT WARNING * * *
The endoplasm barely misses you. The worm bites you!
You die...

.......###.....#.
.................
........(.......#
................#.
.............)....
.....#............
........).........
.......)o.........
......J@w†...##.#
..................
....##............
.... #............
... ###.....#....
.. #.....#....
#.....# ...
#.....# ..


You could see a worm (fast), an orc and an endoplasm.

Vanquished Creatures
  2 dart slugs
  3 orcs (D:3)
  A ball python (D:1)
  3 endoplasms
  3 goblins
  3 hobgoblins
  2 kobolds
  A quokka (D:1)
  2 bats
  A frilled lizard (D:1)
  2 rats (D:1)
23 creatures vanquished.

Notes
Turn   | Place    | Note
-------+----------+-------------------------------------------
     0 | D:1      | parzival7114810 the Minotaur Chaos Knight began the quest
                  | for the Orb.
     0 | D:1      | Reached XP level 1. HP: 19/19 MP: 0/0
   455 | D:1      | Reached XP level 2. HP: 22/27 MP: 1/1
   825 | D:1      | XOM: 2-stop teleportation journey
   981 | D:2      | XOM: give mutations
   981 | D:2      | Gained mutation: You sometimes lose the ability to read
                  | scrolls when taking damage. [Xom's mischief]
   981 | D:2      | Gained mutation: You are clumsy. (Dex -2) [Xom's mischief]
   981 | D:2      | Gained mutation: Your magical capacity is low. (-10% MP)
                  | [Xom's mischief]
   981 | D:2      | Gained mutation: Your body sometimes deteriorates upon
                  | taking damage. [Xom's mischief]
  1093 | D:3      | XOM: enchant monster (bad)
  1096 | D:3      | Reached XP level 3. HP: 30/33 MP: 1/1
  1105 | D:3      | Slain by a worm

Illustrated notes

Levels and vault maps discovered:
D:1:      dpeg_arrival_central, layout_basic
D:2:      layout_basic
D:3:      layout_basic, minmay_misc_feat_columns, mrwooster_statue_mirror

Skill      XL: |  1  2 |
---------------+-------+-----
Long Blades    | 4 |  4.2
Fighting       | 4 |  4.0
Armour         | |  2.8
Dodging        | |  1.7
Stealth        | |  0.1

Action                   || total
-------------------------++-------
Melee: Falchion          ||    34
       Headbutt          ||     5
       Punch             ||     1
  Use: Scroll            ||     2
       Potion            ||     1
Armor: Leather armour    ||    17
Dodge: Dodged            ||    37

Table legend: (Time is in decaauts)
 A = Elapsed time spent in this place.
 B = Non-inter-level travel time spent in this place.
 C = Inter-level travel time spent in this place.
 D = Time resting spent in this place.
 E = Time spent auto-exploring this place.
 F = Levels seen in this place.
 G = Mean time per level.
                   A        B        C        D        E       F      G
               +--------+--------+--------+--------+--------+-----+--------+
         Total |   1107 |   1107 |      0 |    606 |      0 |   3 |  369.0 |
       Dungeon |   1107 |   1107 |      0 |    606 |      0 |   3 |  369.0 |
               +--------+--------+--------+--------+--------+-----+--------+

Top non-repeatable levels by time:
     D:1: 852 daAuts
     D:2: 238 daAuts
     D:3: 17 daAuts
